 Dungeon Crawl Stone Soup version 0.23.2-1-ga50397a (webtiles) character file.

Game seed: 9355392152336248791

219 diana the Slasher (level 5, -2/39 HPs)
             Began as a Demonspawn Gladiator on May 1, 2019.
             Slain by an orc (4 damage)
             ... on level 3 of the Dungeon.
             The game lasted 00:06:48 (3388 turns).

diana the Slasher (Demonspawn Gladiator)            Turns: 3388, Time: 00:06:49

Health: -2/39      AC:  6    Str: 15    XL:     5   Next: 63%
Magic:  5/5        EV: 13    Int: 10    God:
Gold:   154        SH:  0    Dex: 14    Spells: 4/4 levels left

rFire    . . .     SeeInvis .   a - +0 long sword
rCold    . . .     Gourm    .   (no shield)
rNeg     . . .     Faith    .   b - +0 leather armour
rPois    .         Spirit   .   c - +0 helmet
rElec    .         Reflect  .   n - +0 cloak
rCorr    .         Harm     .   (no gloves)
MR       .....                  j - +0 pair of boots
Stlth    ++++......             (no amulet)
HPRegen  0.13/turn              (no ring)
MPRegen  0.09/turn              (no ring)

@: invisible
A: nightstalker 2
a: no special abilities


You were on level 3 of the Dungeon.
You were not hungry.

You visited 1 branch of the dungeon, and saw 3 of its levels.

You collected 154 gold pieces.

Inventory:

Hand Weapons
 a - a +0 long sword (weapon)
 u - a +0 dagger
Missiles
 d - 4 throwing nets (quivered)
Armour
 b - a +0 leather armour (worn)
 c - a +0 helmet (worn)
 j - a +0 pair of boots (worn)
 n - a +0 cloak (worn)
Scrolls
 g - 3 scrolls of identify {unknown}
 k - 2 scrolls of blinking {unknown}
 m - 2 scrolls of enchant weapon {unknown}
 p - a scroll of amnesia {unknown}
 r - 2 scrolls of teleportation {unknown}
Potions
 e - a potion of berserk rage {unknown}
 h - 3 potions of invisibility
 i - 4 potions of curing {unknown}
 l - a potion of haste {unknown}
 o - a potion of flight {unknown}
 q - a potion of heal wounds {unknown}
 t - a potion of magic {unknown}
Comestibles
 f - 5 rations


   Skills:
 + Level 2.7 Fighting
 + Level 4.0 Long Blades
 - Level 1.8 Throwing
 + Level 1.5 Armour
 + Level 3.4 Dodging
 + Level 2.2 Stealth


You had 4 spell levels left.
You didn't know any spells.
Your spell library was empty.

Dungeon Overview and Level Annotations

Branches:
Dungeon (3/15)

Altars:
Kikubaaqudgha


Innate Abilities, Weirdness & Mutations

You are significantly more attuned to the shadows.


Message History

You slash the orc priest!
The orc priest is almost dead.
The orc misses you.
You riposte.
You closely miss the orc. The orc barely misses you.
The orc priest hits you with a +2 mace of protection.
* * * LOW HITPOINT WARNING * * *
Unknown command.
You hit the orc priest but do no damage.
The orc priest is almost dead.
The orc hits you.
* * * LOW HITPOINT WARNING * * *
The orc hits you but does no damage. x2
The orc priest hits you with a +2 mace of protection!
* * * LOW HITPOINT WARNING * * *
It was a potion of invisibility.
You fade into invisibility!
The orc barely misses you.
You riposte.
You hit the orc.
You kill the orc!
The orc hits you.
You die...

..........# #####.###
.......#### ...##.#
###+#'## #..#.## #.#.#
#...### #...####.
##....# ##......####.
###.#.#
#......#.#.###.#...#
#.>...#[♣.###.⌠.#).#
##....@#.###.#.#..##
#...ooo#.#.#.#.(##
#.....###.⌠.###.#
#......#.#.#.#..##
######..(..#.#.###o#..#
#.........#.8.###.⌠.#.#
#..........#.###o#.#..#
#..........####.####.##
#...........##.o.##.##


You could see an orc priest and 2 orcs.

Vanquished Creatures
  An orc priest (D:3)
  3 gnolls (D:2)
  8 adders
  2 worms
  3 dart slugs
  8 orcs
  4 giant cockroaches
  12 goblins
  2 hobgoblins (D:1)
  3 jackals (D:1)
  2 quokkas (D:2)
  A ball python (D:1)
  4 bats
  9 frilled lizards
  6 kobolds
  3 rats
71 creatures vanquished.

Notes
Turn   | Place    | Note
-------+----------+-------------------------------------------
     0 | D:1      | diana the Demonspawn Gladiator began the quest for the Orb.
     0 | D:1      | Reached XP level 1. HP: 16/16 MP: 1/1
    88 | D:1      | Gained mutation: You are slightly more attuned to the
                  | shadows. [demonic ancestry]
    88 | D:1      | Reached XP level 2. HP: 18/22 MP: 2/2
   151 | D:1      | Reached skill level 3 in Long Blades
   527 | D:1      | Gained mutation: You are significantly more attuned to the
                  | shadows. [demonic ancestry]
   527 | D:1      | Reached XP level 3. HP: 27/27 MP: 3/3
  1233 | D:2      | Reached skill level 1 in Stealth
  1233 | D:2      | Reached XP level 4. HP: 15/34 MP: 4/4
  2173 | D:2      | Reached skill level 1 in Armour
  2485 | D:3      | Reached XP level 5. HP: 37/39 MP: 5/5
  3187 | D:3      | Reached skill level 4 in Long Blades
  3244 | D:3      | Found an ancient bone altar of Kikubaaqudgha.
  3388 | D:3      | Slain by an orc

Skill      XL: |  1  2  3  4  5 |
---------------+----------------+-----
Long Blades    | 3 4 |  4.0
Dodging        | 3 |  3.4
Stealth        | 1 2 |  2.2
Armour         | 1 |  1.5
Fighting       | |  2.7
Throwing       | |  1.8

Action                   |  1- 3 |  4- 6 || total
-------------------------+-------+-------++-------
Melee: Long sword        |    80 |   154 ||   234
  Use: Potion            |       |     1 ||     1
 Stab: Sleeping          |     7 |    13 ||    20
  Eat: Chunk             |       |     8 ||     8
Armor: Leather armour    |    22 |    51 ||    73
Dodge: Dodged            |    49 |   119 ||   168
       Rpst.: Long sword |    10 |    31 ||    41
